 Dungeon Crawl Stone Soup version 0.28-a0-1510-gd0f6b136d3 (webtiles) character file.

Game seed: 6939159367034112706

282 Shayle the Ducker (level 6, -1/46 HPs)
             Began as a Djinni Warper on Jan 15, 2022.
             Slain by a bullfrog (4 damage)
             ... on level 5 of the Dungeon.
             The game lasted 00:05:30 (3477 turns).

Shayle the Ducker (Djinni Warper)                   Turns: 3477, Time: 00:05:30

Health: -1/46      AC:  5    Str:  8 (10) XL:     6   Next: 53%
Gold:   128        EV: 12    Int: 14 (16) God:
                   SH:  0    Dex: 11 (13)

rFire   + + .      SeeInvis .   e - +2 demon blade (venom)
rCold   x . .      Faith    .   (no shield)
rNeg    . . .      Spirit   .   a - +0 leather armour
rPois   ∞          Reflect  .   j - +0 helmet
rElec   .          Harm     .   (no cloak)
rCorr   .          Rampage  .   l - +0 pair of gloves
Will    .....                   (boots unavailable)
Stlth   +.........              (no amulet)
HPRegen 0.15/turn               (no ring)
MPRegen 0.00/turn               (no ring)

@: flying
A: sickness immunity, fire resistance 2, cold vulnerability 1, float, innate
caster, hp casting, extra vitality 1
a: no special abilities


You were on level 5 of the Dungeon.
You visited 1 branch of the dungeon, and saw 5 of its levels.

You collected 128 gold pieces.

Inventory:

Hand Weapons
 e - a +2 demon blade of venom (weapon)
Missiles
 c - 5 boomerangs of dispersal (quivered)
 o - a throwing net
 q - 8 poisoned darts
Armour
 a - a +0 leather armour (worn)
 j - a +0 helmet (worn)
 l - a +0 pair of gloves (worn)
Jewellery
 k - a +4 ring of protection
Wands
 r - a wand of flame (18)
Scrolls
 d - 2 scrolls of amnesia {unknown}
 g - a scroll of enchant armour {unknown}
 h - a scroll of enchant weapon {unknown}
 i - a scroll of teleportation {unknown}
 m - 2 scrolls of noise {unknown}
Potions
 f - a potion of flight {unknown}
 s - a potion of mutation {unknown}


   Skills:
 + Level 3.5 Fighting
 - Level 0.7 Throwing
 - Level 1.0 Armour
 + Level 3.9 Dodging
 + Level 3.6 Unarmed Combat
 + Level 3.3 Spellcasting


You couldn't memorise any spells.
You knew the following spells:

 Your Spells              Type           Power      Damage    Failure   Level
a - Blink                 Tloc           22%        N/A       11%         2
b - Lesser Beckoning      Tloc           11%        N/A       22%         3
c - Gell's Gravitas       Tloc           11%        N/A       22%         3
d - Teleport Other        Tloc           11%        N/A       22%         3
e - Manifold Assault      Tloc           11%        N/A       90%         5
f - Beastly Appendage     Tmut           22%        N/A       8%          1
g - Ensorcelled Hibernat  Hex/Ice        22%        N/A       11%         2
Your spell library was empty.

Dungeon Overview and Level Annotations

Branches:
Dungeon (5/15)
 Temple: D:4-7

Altars:


Innate Abilities, Weirdness & Mutations

You are immune to sickness and miasma.
You are immune to poison.
Your flesh is very heat resistant. (rF++)
You are vulnerable to cold. (rC-)
You float through the air rather than walking.
You learn spells naturally, not from books.
Your magical power is your life essence.
You have superior vitality. (+4 MHP)


Message History

The ball python constricts you.
You escape the ball python's grasp.
Found 10 gold pieces.
The scorpion closely misses you.
Found 12 gold pieces.
The scorpion closely misses you.
You see here 10 gold pieces. 2 orcs come into view.
The orc shouts! x2; You hear a shout!
An orc comes into view. It is wielding a +0 war axe.
An orc priest comes into view. It is wielding a +0 short sword.
An orc wizard comes into view. It is wielding a +0 dagger.
The orc wizard shouts!
A quokka comes into view.
The orc wizard gestures wildly while chanting.
The orc wizard flickers and vanishes!
Deactivating autopickup; reactivate with Ctrl-A.
The scorpion stings you.
The ball python bites you but does no damage.
The ball python barely misses you.
A bullfrog comes into view.
The bullfrog croaks.
Found 15 sling bullets.
The bullfrog hits you but does no damage.
The bullfrog hits you!
Found a stone staircase leading down and a stone staircase leading up.
The bullfrog closely misses you. The ball python barely misses you. x2
The bullfrog hits you.
The bullfrog hits you but does no damage.
The bullfrog hits you.
* * * LOW HITPOINT WARNING * * *
The ball python bites you but does no damage.
The ball python barely misses you. The quokka misses you.
The bullfrog closely misses you.
There is a stone staircase leading up here.
The scorpion stings you.
* * * LOW HITPOINT WARNING * * *
The bullfrog hits you.
You die...

.......... ........
... ....o. ..# ###
.o.# ..##.. ###{.#
.... ....## ##.##
$...o## ###...##
......#####....s.##
..$....##{.o.orF@.#
...Y..Y........S>..#
...............r....#
..............(.....#
.......#..#####.....#
......##..# ###...#
.....####.# ##..#
....# #.# #.# ....
#.#


You could see a bullfrog, a scorpion, an orc priest, an orc, 2 quokkas and a
ball python.

Vanquished Creatures
  An orc priest (D:2)
  Natasha (thrice) (D:3)
  An orc wizard (D:3)
  A hound skeleton (D:4)
  6 adders
  A worm (D:2)
  5 dart slugs
  4 orcs (D:3)
  10 bats
  3 endoplasms
  4 giant cockroaches
  4 goblins
  5 hobgoblins
  2 quokkas
  8 ball pythons
  3 frilled lizards
  9 kobolds
  5 rats
75 creatures vanquished.

Notes
Turn   | Place    | Note
-------+----------+-------------------------------------------
     0 | D:1      | Shayle the Djinni Warper began the quest for the Orb.
     0 | D:1      | Reached XP level 1. HP: 18/18 MP: 0/0
    65 | D:1      | Reached XP level 2. HP: 3/23 MP: 0/0
   671 | D:1      | Reached XP level 3. HP: 22/29 MP: 0/0
   671 | D:1      | Learned a level 1 spell: Beastly Appendage
   968 | D:1      | Found a faded altar of an unknown god.
  1622 | D:2      | Reached XP level 4. HP: 34/34 MP: 0/0
  2053 | D:2      | Reached XP level 5. HP: 40/40 MP: 0/0
  2053 | D:2      | Learned a level 2 spell: Ensorcelled Hibernation
  2697 | D:3      | Noticed Natasha
  2713 | D:3      | Killed Natasha
  2714 | D:3      | Reached XP level 6. HP: 46/46 MP: 0/0
  2718 | D:3      | Noticed Natasha
  2734 | D:3      | Killed Natasha
  3236 | D:3      | Noticed Natasha
  3242 | D:3      | Killed Natasha
  3447 | D:5      | Entered Level 5 of the Dungeon
  3447 | D:5      | Noticed an ice beast
  3477 | D:5      | Slain by a bullfrog

Illustrated notes

Levels and vault maps discovered:
D:1:      roderic_dead_forest, layout_basic, basic_ecumenical_altar,
          st_stairs_8, serial_bayou_pond_e
D:2:      layout_loops_ring
D:3:      layout_rooms, hex_medium, hangedman_decor_push, minmay_crystal_room,
          uniq_natasha
D:4:      layout_rooms, hangedman_decor_riveting
D:5:      layout_layer_cave

Skill      XL: |  1  2  3  4  5 |
---------------+----------------+-----
Dodging        | 3 |  3.9
Unarmed Combat | 3 |  3.6
Fighting       | 3 |  3.5
Spellcasting   | 3 |  3.3
Throwing       | |  0.7
Armour         | |  1.0

Action                   |  1- 3 |  4- 6 || total
-------------------------+-------+-------++-------
Melee: Unarmed           |    63 |       ||    63
       Demon blade       |    65 |   145 ||   210
       Punch             |     4 |       ||     4
  Use: Potion            |       |     2 ||     2
       Scroll            |       |     1 ||     1
 Stab: Sleeping          |       |     1 ||     1
Armor: Leather armour    |    40 |    53 ||    93
Dodge: Dodged            |   106 |   115 ||   221

Table legend: (Time is in decaauts)
 A = Elapsed time spent in this place.
 B = Non-inter-level travel time spent in this place.
 C = Inter-level travel time spent in this place.
 D = Time resting spent in this place.
 E = Time spent auto-exploring this place.
 F = Levels seen in this place.
 G = Mean time per level.
                   A        B        C        D        E       F      G
               +--------+--------+--------+--------+--------+-----+--------+
         Total |   3540 |   3483 |     57 |    574 |   2049 |   5 |  708.0 |
       Dungeon |   3540 |   3483 |     57 |    574 |   2049 |   5 |  708.0 |
               +--------+--------+--------+--------+--------+-----+--------+

Top non-repeatable levels by time:
     D:1: 1340 daAuts
     D:2: 1117 daAuts
     D:3: 910 daAuts
     D:4: 141 daAuts
     D:5: 29 daAuts
